 Dungeon Crawl Stone Soup version 0.19-a0-1827-g174f941 (webtiles) character file.

862 kae the Slasher (level 8, -6/64 HPs)
             Began as a Formicid Fighter on Oct 7, 2016.
             Was an Initiate of Okawaru.
             Killed from afar by an orc wizard (8 damage)
             ... with a magic dart
             ... on level 5 of the Dungeon.
             The game lasted 00:05:04 (3848 turns).

kae the Slasher (Formicid Fighter)                  Turns: 3848, Time: 00:05:04

Health: -6/64      AC:  8    Str: 23    XL:     8   Next: 22%
Magic:  8/8        EV:  9    Int:  8    God:    Okawaru [......]
Gold:   189        SH: 10    Dex: 10    Spells: 0 memorised, 7 levels left

rFire  . . .     SeeInvis +     a - +1 long sword
rCold  . . .     Gourm    .     b - +0 scale mail
rNeg   . . .     Faith    .     c - +0 shield
rPois  .         Spirit   .     (helmet unavailable)
rElec  .         Dismiss  .     (no cloak)
rCorr  .         Reflect  .     i - +0 pair of gloves
MR     .....     Harm     .     (no boots)
Stlth  ..........               d - amulet of magic regeneration
                                (no ring)
                                (no ring)

@: no status effects
A: permanent stasis, dig shafts and tunnels, four strong arms, antennae 3
a: Dig, Shaft Self, Renounce Religion


You were on level 5 of the Dungeon.
You worshipped Okawaru.
Okawaru was noncommittal.
You were not hungry.

You visited 2 branches of the dungeon, and saw 6 of its levels.

You collected 189 gold pieces.

Inventory:

Hand Weapons
 a - a +1 long sword (weapon)
Armour
 b - a +0 scale mail (worn)
 c - a +0 shield (worn)
 i - a +0 pair of gloves (worn)
Jewellery
 d - an amulet of magic regeneration (around neck)
Wands
 o - a wand of random effects (18/48)
Scrolls
 e - 10 scrolls of identify
 g - a scroll of immolation
 k - a scroll of fear
 m - 2 scrolls of remove curse
 p - a scroll of teleportation {unknown}
Potions
 l - a potion of flight
 n - a potion of heal wounds
 q - a potion of curing
 s - 2 potions of cure mutation
Comestibles
 f - 3 bread rations
 h - a slice of pizza
 j - a meat ration


   Skills:
 + Level 5.7 Fighting
 * Level 6.4 Long Blades
 - Level 3.2 Armour
 + Level 6.4 Shields


You had 7 spell levels left.
You didn't know any spells.

Dungeon Overview and Level Annotations

Branches:
Dungeon (5/15)             Temple (1/1) D:5

Altars:
Cheibriados
Dithmenos
Elyvilon
Fedhas
Gozag
Hepliaklqana
Kikubaaqudgha
Nemelex Xobeh
Okawaru
Qazlal
Ru
Sif Muna
Vehumet
Xom


Innate Abilities, Weirdness & Mutations

You are under a permanent stasis effect.
You can dig through walls and to a lower floor.
Your four strong arms can wield two-handed weapons with a shield.
You have a pair of large antennae on your head. (SInv)


Message History

The orc wizard casts a spell at you. The magic dart hits you!
* * * LOW HITPOINT WARNING * * *
The orc wizard hits you with a dagger.
* * * LOW HITPOINT WARNING * * *
You block the orc wizard's attack. You block the orc wizard's attack.
The orc wizard hits you with a dagger.
* * * LOW HITPOINT WARNING * * *
The orc barely misses you. The orc wizard casts a spell at you.
You easily resist.
You block the orc wizard's attack. The orc closely misses you.
The orc wizard casts a spell at you. The magic dart hits you!
* * * LOW HITPOINT WARNING * * *
The orc wizard mumbles some strange words.
The orc wizard blinks!
You block the orc's attack.
The orc wizard points at you and mumbles some strange words.
The magic dart hits you!
You die...

#........# ...... #
#........# ...... #
#........# ...... #
#........# ...... #
##........# ...... #####
#.........##......
....#####....[.[o..###.#
..###..o..####[###.....###
..###.###....#..@.........
....#.###....#.#...o...###
#...#.##.....#..oo...>..##
#..>....._................
##.#.#.....##.#..ยง.......#
#...#....###.#.........##
#..o#....###.#.........#
#...####.....##..........
#.#......#####..........#


You could see an orc warrior, an orc wizard and an orc.

Vanquished Creatures
  Grinder (D:4)
  Sigmund (D:4)
  Menkaure (D:4)
  Duvessa (D:4)
  Dowan (D:4)
  An orc wizard (D:5)
  An orc priest (D:4)
  An iguana (D:4)
  A worker ant (D:4)
  2 adders
  An adder skeleton (D:4)
  2 worms (D:2)
  2 dart slugs
  5 leopard geckos
  8 orcs
  4 bats
  4 giant cockroaches
  9 goblins
  8 hobgoblins
  13 jackals
  11 kobolds
  A quokka (D:2)
  3 ball pythons
  2 frilled lizards
  A jackal skeleton (D:4)
  A quokka skeleton (D:5)
  9 rats
95 creatures vanquished.

Notes
Turn   | Place    | Note
-------+----------+-------------------------------------------
     0 | D:1      | kae the Formicid Fighter began the quest for the Orb.
     0 | D:1      | Reached XP level 1. HP: 18/18 MP: 1/1
   197 | D:1      | Reached XP level 2. HP: 23/24 MP: 2/2
   373 | D:1      | You fall through a shaft!
   447 | D:2      | Reached XP level 3. HP: 26/29 MP: 3/3
   884 | D:2      | Reached XP level 4. HP: 37/37 MP: 4/4
  1363 | D:3      | Found a shadowy altar of Dithmenos.
  2204 | D:3      | Reached XP level 5. HP: 34/42 MP: 5/5
  2578 | D:4      | Noticed Sigmund
  2600 | D:4      | Killed Sigmund
  2600 | D:4      | Reached skill level 5 in Shields
  2600 | D:4      | Reached XP level 6. HP: 37/49 MP: 6/6
  2674 | D:4      | Noticed Menkaure
  2686 | D:4      | Killed Menkaure
  2686 | D:4      | Reached skill level 5 in Long Blades
  2686 | D:4      | Reached XP level 7. HP: 29/55 MP: 7/7
  2688 | D:4      | Noticed Grinder
  2705 | D:4      | Killed Grinder
  2705 | D:4      | Reached skill level 5 in Fighting
  3079 | D:4      | Noticed Dowan
  3102 | D:4      | Killed Dowan
  3102 | D:4      | Reached XP level 8. HP: 63/63 MP: 8/8
  3243 | D:4      | Noticed Duvessa
  3283 | D:4      | Killed Duvessa
  3416 | D:5      | Entered Level 5 of the Dungeon
  3588 | D:5      | Found a stormy altar of Qazlal.
  3594 | D:5      | Found a staircase to the Ecumenical Temple.
  3672 | Temple   | Entered the Ecumenical Temple
  3785 | Temple   | Became a worshipper of Warmaster Okawaru
  3845 | D:5      | HP: 1/64 [orc wizard/magic dart (7)]
  3848 | D:5      | Killed from afar by an orc wizard

Vault maps used:
D:1:      dpeg_arrival_erosion
D:2:      minmay_wonky_spiral
D:3:      kennysheep_the_goblin_king, first_bread,
          nicolae_dithmenos_through_a_glass_darkly
D:4:      sigmund_army, uniq_duvessa, uniq_grinder, uniq_menkaure
D:5:      evilmike_ruin_ashenzari, yredelemnul_altar_generic,
          nicolae_overflow_crystal_walls, guppyfry_early_orc_mine,
          uniq_blork_the_orc, uniq_prince_ribbit1, uniq_pikel
Temple:   dshaligram_water_room_temple

Skill      XL: |  1  2  3  4  5  6  7 |
---------------+----------------------+-----
Shields        | 4 5 6 |  6.4
Long Blades    | 3 4 5 6 |  6.4
Fighting       | 4 5 |  5.7
Armour         | |  3.2

Action                   |  1- 3 |  4- 6 |  7- 9 || total
-------------------------+-------+-------+-------++-------
Melee: Long sword        |   123 |   126 |    95 ||   344
 Abil: Dig               |       |     4 |     3 ||     7
  Use: Scroll            |       |     2 |     8 ||    10
       Potion            |       |     2 |       ||     2
  Eat: Chunk             |       |     5 |     4 ||     9
       Pizza             |       |     1 |       ||     1
Armor: Scale mail        |    43 |    40 |    36 ||   119
Dodge: Dodged            |    33 |    26 |    33 ||    92
Block: Shield            |    67 |    68 |    62 ||   197
       Rpst.: Long sword |    11 |    10 |    11 ||    32
